 Dungeon Crawl Stone Soup version 0.30-a0-605-gb2882149bf (webtiles) character file.

Game seed: 14276230384431782286

56675 wormed the Nimble (level 14, -2/111 HPs)
             Began as a Gnoll Gladiator on Jan 7, 2023.
             Was a High Priest of Okawaru.
             Slain by a six-headed hydra (9 damage)
             ... on level 13 of the Dungeon.
             The game lasted 00:34:58 (21764 turns).

wormed the Nimble (Gnoll Gladiator)                Turns: 21764, Time: 00:34:59

Health: -2/111     AC: 17    Str: 13    XL:     14   Next: 82%
Magic:  20/27      EV: 24    Int: 12    God:    Okawaru [*****.]
Gold:   2140       SH: 17    Dex: 22    Spells: 24/32 levels left

rFire   + . .      SeeInvis .    l - +10 trident "Zeib" {flame, rPois rCorr}
rCold   + . .      Faith    .    L - +2 kite shield {reflect}
rNeg    . . .      Spirit   .    Q - +1 troll leather armour {Snorg}
rPois   +          Reflect  +    c - +0 helmet
rElec   .          Harm     .    y - +2 cloak {Stlth+}
rCorr   +          Rampage  .    M - +1 pair of gloves
Will    +....                    S - +0 pair of boots "Ninyosui" {rC+}
Stlth   +++++++                  (no amulet)
HPRegen 1.18/turn                Z - ring of the Heron {Drain rF+ Dex+7}
MPRegen 0.20/turn                s - +4 ring of slaying

@: heroic, finesse-ful
A: fangs 1, strong nose, distributed training
a: Renounce Religion, Heroism, Finesse, Duel


You were on level 13 of the Dungeon.
You worshipped Okawaru.
Okawaru was extremely pleased with you.
You visited 2 branches of the dungeon, and saw 18 of its levels.
You also visited: Sewer, Bailey and Gauntlet.

You collected 2140 gold pieces.

Inventory:

Hand Weapons
 l - the +10 trident "Zeib" (weapon) {flame, rPois rCorr}
   (You found it in a sewer)

   rPois:     It protects you from poison.
   rCorr:     It protects you from acid and corrosion.
 x - the +5 spear of Exquisite Torment {venom, Int+5 Dex+3}
   (You acquired it on level 5 of the Dungeon)

   Int:       It affects your intelligence (+5).
   Dex:       It affects your dexterity (+3).
 H - the +6 war axe of the Median {heavy, rF+ rCorr}
   (You found it on level 1 of the Lair of Beasts)

   rF:        It protects you from fire.
   rCorr:     It protects you from acid and corrosion.
Missiles
 e - 6 javelins
 J - 9 silver javelins
Armour
 c - a +0 helmet (worn)
 y - a +2 cloak of stealth (worn)
 L - a +2 kite shield of reflection (worn)
 M - a +1 pair of gloves (worn)
 Q - a +1 troll leather armour (worn) {Snorg}
 S - the +0 pair of boots "Ninyosui" (worn) {rC+}
   (Okawaru gifted it to you on level 5 of the Lair of Beasts)

   rC:        It protects you from cold.
Jewellery
 n - a ring of willpower
 s - a +4 ring of slaying (right hand)
 R - a ring of protection from cold
 V - a ring of positive energy
 Y - a ring of flight
 Z - the ring of the Heron (left hand) {Drain rF+ Dex+7}
   (You found it in a Gauntlet)

   [ring of protection from fire]

   Dex:       It affects your dexterity (+7).
   rF:        It protects you from fire.
   Drain:     It drains your maximum health when unequipped.
Wands
 a - a wand of mindburst (31)
 i - a wand of flame (25) (quivered)
 t - a wand of polymorph (3)
 v - a wand of quicksilver (5)
 z - a wand of iceblast (30)
 P - a wand of paralysis (7)
Scrolls
 j - 3 scrolls of immolation
 p - 9 scrolls of teleportation
 r - a scroll of blinking {unknown}
 B - 4 scrolls of fog
 E - 3 scrolls of enchant weapon
 F - 3 scrolls of brand weapon
 G - 4 scrolls of silence
 O - 2 scrolls of amnesia
 T - 2 scrolls of enchant armour
 X - a scroll of fear
Potions
 b - a potion of berserk rage
 d - 4 potions of invisibility
 f - 3 potions of attraction
 g - 3 potions of resistance
 h - 6 potions of mutation
 k - 3 potions of lignification
 m - 8 potions of brilliance
 o - 8 potions of curing
 q - 7 potions of flight
 u - 3 potions of might
 A - 2 potions of cancellation {unknown}
 C - 5 potions of haste
 I - 4 potions of ambrosia
 N - 4 potions of heal wounds
Miscellaneous
 W - a tin of tremorstones (2/2)


   Skills:
 + Level 10.9(15.9) Fighting
 + Level 9.9(14.9) Short Blades
 + Level 9.9(14.9) Long Blades
 + Level 9.9(14.9) Axes
 + Level 9.9(14.9) Maces & Flails
 + Level 9.9(14.9) Polearms
 + Level 11.8(16.8) Staves
 + Level 9.9(14.9) Ranged Weapons
 + Level 10.9(15.9) Throwing
 + Level 9.9(14.9) Armour
 + Level 11.8(16.8) Dodging
 + Level 9.9(14.9) Stealth
 + Level 9.9(14.9) Shields
 + Level 9.9(14.9) Unarmed Combat
 + Level 9.9 Spellcasting
 + Level 8.3 Conjurations
 + Level 8.3 Hexes
 + Level 8.3 Summonings
 + Level 8.3 Necromancy
 + Level 8.3 Translocations
 + Level 8.3 Transmutations
 + Level 8.3 Fire Magic
 + Level 8.3 Ice Magic
 + Level 8.3 Air Magic
 + Level 8.3 Earth Magic
 + Level 8.3 Poison Magic
 + Level 10.8 Invocations
 + Level 9.9 Evocations


You had 24 spell levels left.
You knew the following spells:

 Your Spells              Type           Power      Damage    Failure   Level
a - Frozen Ramparts       Ice            50%        1d8       2%          3
b - Borgnjor's Vile Clut  Necr/Erth      12%        N/A       22%         5

Your spell library contained the following spells:

 Spells                   Type           Power      Damage    Failure   Level
 Apportation              Tloc           50%        N/A       1%          1
 Freeze                   Ice            100%       1d10      1%          1
 Necrotise                Necr           100%       1d9       1%          1
 Sandblast                Erth           50%        2d12      1%          1
 Shock                    Conj/Air       100%       1d9       1%          1
 Passwall                 Tmut/Erth      20%        N/A       1%          2
 Hailstorm                Conj/Ice       25%        3d7       2%          3
 Ignite Poison            Fire/Tmut/Pois 25%        N/A       2%          3
 Kindle Blastsparks       Fire/Tloc/Air  50%        2d14      2%          3
 Stone Arrow              Conj/Erth      50%        3d10      2%          3
 Swiftness                Air            25%        N/A       2%          3
 Vampiric Draining        Necr           25%        2d7       2%          3
 Airstrike                Air            12%        2d(2-18)  9%          4
 Manifold Assault         Tloc           25%        N/A       9%          4
 Agony                    Necr           25%        N/A       22%         5
 Alistair's Intoxication  Tmut/Pois      16%        N/A       22%         5
 Fireball                 Conj/Fire      12%        3d7       22%         5
 Freezing Cloud           Conj/Ice/Air   12%        6-21      22%         5
 Iskenderun's Battlesphe  Conj           25%        2d8       22%         5
 Conjure Ball Lightning   Conj/Air       12%        3x3d6     77%         6
 Dispersal                Tloc           12%        N/A       77%         6
 Eringya's Noxious Bog    Tmut/Pois      12%        N/A       77%         6
 Orb of Destruction       Conj           12%        9d7       100%        7
 Disjunction              Tloc           12%        N/A       100%        8
 Lehudib's Crystal Spear  Conj/Erth      12%        10d4      100%        8
 Summon Small Mammal      Summ           Unusable   N/A       N/A         1
 Animate Armour           Summ/Erth      Unusable   N/A       N/A         4

Dungeon Overview and Level Annotations

Branches:
Dungeon (13/15)            Temple (0/1) D:5            Lair (5/5) D:9
 Shoals (0/4) Lair:2        Snake (0/4) Lair:3        Slime (0/5) Lair:5
    Orc (0/2) D:9           Sewer (visited)          Bailey (visited)
Gauntlet (visited)
 Vaults: D:13-14

Altars:
Ashenzari
Dithmenos
Gozag
Kikubaaqudgha
Okawaru
Ru
Sif Muna
Trog
Uskayaw
Wu Jian
Xom
Yredelemnul
Jiyva

Annotations:
Lair:5 1 runed translucent door


Innate Abilities, Weirdness & Mutations

You have very sharp teeth.
Your uncanny sense of smell can sniff out nearby items.
Your experience applies equally to all skills.


Message History

You block the six-headed hydra's attack.
The six-headed hydra bites you!
* * * LOW HITPOINT WARNING * * *
You block the six-headed hydra's attack.
The six-headed hydra bites you.
* * * LOW HITPOINT WARNING * * *
You block the killer bee's attack.
The tengu conjurer completely misses you.
The tengu conjurer pecks you but does no damage.
You block the tengu conjurer's attack.
You puncture the six-headed hydra! You burn the six-headed hydra.
The six-headed hydra is moderately wounded.
The killer bee completely misses you. The six-headed hydra barely misses you.
The six-headed hydra bites you!
* * * LOW HITPOINT WARNING * * *
You block the six-headed hydra's attack. x2
The six-headed hydra closely misses you.
The six-headed hydra bites you but does no damage.
You can now deal lightning-fast blows.
The killer bee stings you but does no damage.
The tengu conjurer hits you but does no damage.
The tengu conjurer pecks you but does no damage.
The tengu conjurer completely misses you.
The boulder beetle leaps!
You block the killer bee's attack.
You block the six-headed hydra's attack.
The six-headed hydra bites you!
* * * LOW HITPOINT WARNING * * *
The six-headed hydra bites you!
* * * LOW HITPOINT WARNING * * *
The six-headed hydra bites you but does no damage.
The six-headed hydra completely misses you.
You block the six-headed hydra's attack.
You gain the combat prowess of a mighty hero.
You block the killer bee's attack.
The tengu conjurer completely misses you.
You block the tengu conjurer's attack.
The tengu conjurer completely misses you.
You block the killer bee's attack. The six-headed hydra barely misses you.
The six-headed hydra bites you!
You die...

# . #.....#.#
y.###...#.#..# ##
#..#..#.....# ...
##..........# #.#
#y.B..#....# #..
..#.#..yy.###.#.
...#...yy#.#.#..
#.....#.#D#.#...
.....#.#.#@#..# ∆
....#.#.#y#Q.#
#.##.#.....#.# .
..#.##.###.# .##.#
#.....# ##
#####.##########
#####.##.......#####
#.....##.#####......
###.###.##.#####.#####


You could see a boulder beetle, a six-headed hydra, a tengu conjurer and 5
killer bees.

Vanquished Creatures
  A quicksilver ooze (Gauntlet)
  A minotaur (Gauntlet)
  Snorg (D:11)
  Erolcha (D:12)
  6 hydras
  Erica (Lair:1)
  10 death yaks
  2 two-headed ogres
  5 lindwurms
  Pikel (D:5)
  2 orc knights (Bailey)
  A cyclops (D:13)
  An oklob plant (Gauntlet)
  2 ugly things (D:12)
  2 manticores
  11 elephants
  An apocalypse crab (Gauntlet)
  A smoke demon (Gauntlet)
  4 black mambas
  A torpor snail (Gauntlet)
  13 cane toads
  3 gargoyles
  2 unseen horrors
  A rime drake (Lair:4)
  8 komodo dragons
  A queen bee (shapeshifter) (D:13)
  3 trolls
  2 polar bears
  Grinder (D:4)
  Prince Ribbit (D:5)
  5 dream sheep (Lair:3)
  22 blink frogs
  Eustachio (D:5)
  A shadow (D:11)
  A wyvern (D:9)
  33 yaks
  3 basilisks
  A wraith (D:12)
  2 steam dragons
  5 vampire mosquitoes (D:13)
  Edmund (D:5)
  4 nagas (Lair:3)
  5 acid dragons
  6 water moccasins
  Duvessa (D:7)
  2 sky beasts
  15 orc warriors
  3 ice beasts (D:7)
  2 black bears
  16 wolves
  3 centaurs
  4 ogres
  Blork the orc (D:4)
  5 kobold brigands
  11 bullfrogs
  A scorpion (D:6)
  5 gnoll sergeants (D:9)
  4 necrophages
  3 wights (D:9)
  Dowan (D:7)
  20 killer bees
  8 electric eels
  3 jellies
  4 crimson imps (Gauntlet)
  3 howler monkeys (D:10)
  2 hounds
  7 orc priests
  An iguana (D:4)
  7 orc wizards
  13 hell rats
  A merfolk avatar (Sewer)
  A merfolk siren (Sewer)
  2 killer bee zombies (D:7)
  2 gnolls (D:9)
  11 adders
  2 river rats (Sewer)
  A shadow imp (D:5)
  5 dart slugs
  61 orcs
  A bat (D:1)
  4 endoplasms
  4 giant cockroaches
  2 goblins
  5 hobgoblins
  8 quokkas
  7 ball pythons
  8 frilled lizards (Sewer)
  14 kobolds
  25 rats
  A bush (Lair:5)
490 creatures vanquished.

Vanquished Creatures (others)
  An orc (D:11)
  A demonic plant (Gauntlet)
  46 fungi
  199 plants
247 creatures vanquished.

Grand Total: 737 creatures vanquished

Notes
Turn   | Place    | Note
-------+----------+-------------------------------------------
     0 | D:1      | wormed the Gnoll Gladiator began the quest for the Orb.
     0 | D:1      | Reached XP level 1. HP: 20/20 MP: 1/1
   157 | D:1      | Reached XP level 2. HP: 26/26 MP: 2/2
   515 | D:1      | Reached XP level 3. HP: 31/31 MP: 3/3
   954 | D:2      | Found a faded altar of an unknown god.
  1092 | D:2      | Reached skill level 1 in Invocations
  1531 | D:2      | Prayed at the altar of an unknown god.
  1531 | D:2      | Became a worshipper of Warmaster Okawaru
  1531 | D:2      | Reached * piety under Okawaru
  1569 | D:3      | Reached skill level 1 in Short Blades
  1569 | D:3      | Reached skill level 1 in Long Blades
  1569 | D:3      | Reached skill level 1 in Axes
  1569 | D:3      | Reached skill level 1 in Maces & Flails
  1569 | D:3      | Reached skill level 1 in Polearms
  1569 | D:3      | Reached skill level 1 in Ranged Weapons
  1569 | D:3      | Reached skill level 1 in Armour
  1569 | D:3      | Reached skill level 1 in Stealth
  1569 | D:3      | Reached skill level 1 in Shields
  1569 | D:3      | Reached skill level 1 in Unarmed Combat
  1569 | D:3      | Reached skill level 1 in Spellcasting
  1569 | D:3      | Reached skill level 1 in Evocations
  1594 | D:3      | Found a hide-covered altar of Uskayaw.
  1594 | D:3      | Found an iron altar of Okawaru.
  1616 | D:3      | Reached XP level 4. HP: 38/38 MP: 5/5
  1699 | D:3      | Found a shimmering altar of Xom.
  1773 | D:3      | Reached skill level 1 in Conjurations
  1773 | D:3      | Reached skill level 1 in Hexes
  1773 | D:3      | Reached skill level 1 in Summonings
  1773 | D:3      | Reached skill level 1 in Necromancy
  1773 | D:3      | Reached skill level 1 in Translocations
  1773 | D:3      | Reached skill level 1 in Transmutations
  1773 | D:3      | Reached skill level 1 in Fire Magic
  1773 | D:3      | Reached skill level 1 in Ice Magic
  1773 | D:3      | Reached skill level 1 in Air Magic
  1773 | D:3      | Reached skill level 1 in Earth Magic
  1773 | D:3      | Reached skill level 1 in Poison Magic
  1949 | D:3      | Noticed an ogre
  1965 | D:3      | Killed an ogre
  1966 | D:3      | Reached XP level 5. HP: 25/43 MP: 5/7
  2087 | D:3      | Reached ** piety under Okawaru
  2486 | D:4      | Reached XP level 6. HP: 50/50 MP: 8/8
  2594 | D:4      | Noticed a sky beast
  2610 | D:4      | Killed a sky beast
  2611 | D:4      | Reached skill level 5 in Fighting
  2611 | D:4      | Reached skill level 5 in Throwing
  2702 | D:4      | Identified the +0 robe of Vynohuynt {rF+ rC+ rN+ Dex-4}
  2773 | D:4      | Noticed Grinder
  2774 | D:4      | Noticed Blork the orc
  2798 | D:4      | Killed Blork the orc
  2799 | D:4      | Reached XP level 7. HP: 40/56 MP: 10/10
  2811 | D:4      | Paralysed by Grinder for 2 turns
  2825 | D:4      | Killed Grinder
  2825 | D:4      | Reached *** piety under Okawaru
  3093 | D:4      | Reached XP level 8. HP: 49/63 MP: 12/12
  3140 | D:4      | Found a broken altar of Ashenzari.
  3278 | D:5      | Entered Level 5 of the Dungeon
  3311 | D:5      | Noticed Edmund
  3323 | D:5      | Killed Edmund
  3430 | D:5      | Found a staircase to the Ecumenical Temple.
  3433 | D:5      | Received a gift from Okawaru
  3520 | D:5      | Noticed Eustachio
  3529 | D:5      | Killed Eustachio
  3570 | D:5      | Identified the +3 hand axe of Akhig {flame, rCorr}
  3597 | D:5      | Noticed Prince Ribbit
  3606 | D:5      | Killed Prince Ribbit
  3783 | D:5      | Reached **** piety under Okawaru
  3871 | D:5      | Noticed Pikel
  3883 | D:5      | Killed Pikel
  3884 | D:5      | Reached XP level 9. HP: 33/69 MP: 13/15
  4234 | D:5      | Identified a scroll of acquirement
  4234 | D:5      | Acquired the +5 spear of Exquisite Torment {venom, Int+5
                  | Dex+3}
  4307 | D:6      | Found a glowing drain.
  4316 | Sewer    | Entered a sewer
  4593 | Sewer    | Identified the +10 trident "Zeib" {flame, rPois rCorr}
  4851 | D:6      | Reached ***** piety under Okawaru
  4851 | D:6      | Received a gift from Okawaru
  5213 | D:6      | Reached skill level 5 in Invocations
  5569 | D:7      | Reached skill level 5 in Short Blades
  5569 | D:7      | Reached skill level 5 in Long Blades
  5569 | D:7      | Reached skill level 5 in Axes
  5569 | D:7      | Reached skill level 5 in Maces & Flails
  5569 | D:7      | Reached skill level 5 in Polearms
  5569 | D:7      | Reached skill level 5 in Ranged Weapons
  5569 | D:7      | Reached skill level 5 in Armour
  5569 | D:7      | Reached skill level 5 in Stealth
  5569 | D:7      | Reached skill level 5 in Shields
  5569 | D:7      | Reached skill level 5 in Unarmed Combat
  5569 | D:7      | Reached skill level 5 in Spellcasting
  5569 | D:7      | Reached skill level 5 in Evocations
  5569 | D:7      | Reached XP level 10. HP: 77/77 MP: 17/17
  5776 | D:7      | Noticed Dowan
  5777 | D:7      | Noticed Duvessa
  5783 | D:7      | Killed Duvessa
  5783 | D:7      | Received a gift from Okawaru
  5787 | D:7      | Killed Dowan
  5841 | D:7      | Found a basalt altar of Yredelemnul.
  6378 | D:8      | Found an opulent altar of Gozag.
  6460 | D:8      | Received a gift from Okawaru
  7020 | D:8      | Noticed a gargoyle
  7027 | D:8      | Killed a gargoyle
  7027 | D:8      | Received a gift from Okawaru
  7836 | D:9      | Found a staircase to the Lair.
  7850 | D:9      | Received a gift from Okawaru
  8151 | D:9      | Noticed a two-headed ogre
  8161 | D:9      | Killed a two-headed ogre
  8510 | D:9      | Found a staircase to the Orcish Mines.
  9136 | D:9      | Found an ornate altar of the Wu Jian Council.
  9136 | D:9      | Found a shadowy altar of Dithmenos.
  9145 | D:9      | Found a faded altar of an unknown god.
  9147 | D:9      | Found a shimmering blue altar of Sif Muna.
  9149 | D:9      | Found an ancient bone altar of Kikubaaqudgha.
  9249 | Lair:1   | Entered Level 1 of the Lair of Beasts
  9249 | Lair:1   | Noticed Erica
  9257 | Lair:1   | Killed Erica
  9257 | Lair:1   | Received a gift from Okawaru
  9258 | Lair:1   | Reached skill level 5 in Conjurations
  9258 | Lair:1   | Reached skill level 5 in Hexes
  9258 | Lair:1   | Reached skill level 5 in Summonings
  9258 | Lair:1   | Reached skill level 5 in Necromancy
  9258 | Lair:1   | Reached skill level 5 in Translocations
  9258 | Lair:1   | Reached skill level 5 in Transmutations
  9258 | Lair:1   | Reached skill level 5 in Fire Magic
  9258 | Lair:1   | Reached skill level 5 in Ice Magic
  9258 | Lair:1   | Reached skill level 5 in Air Magic
  9258 | Lair:1   | Reached skill level 5 in Earth Magic
  9258 | Lair:1   | Reached skill level 5 in Poison Magic
  9258 | Lair:1   | Reached XP level 11. HP: 75/85 MP: 20/20
  9264 | Lair:1   | Identified the +6 war axe of the Median {heavy, rF+ rCorr}
  9620 | Lair:1   | Noticed a death yak
 10022 | Lair:1   | Received a gift from Okawaru
 10622 | Lair:1   | Noticed a death yak
 10714 | Lair:1   | Noticed a death yak
 10815 | Lair:1   | Identified the +1 buckler of Cloud Cover {*Slow rF+ Int+3}
                  | (Okawaru gifted it to you on level 1 of the Lair of Beasts)
 10815 | Lair:1   | Received a gift from Okawaru
 10842 | Lair:1   | HP: 3/87 [elephant (12)]
 11624 | Lair:2   | Reached XP level 12. HP: 89/93 MP: 22/22
 11732 | Lair:2   | Noticed an eight-headed hydra
 12068 | Lair:2   | Killed an eight-headed hydra
 12941 | Lair:2   | Found a staircase to the Shoals.
 13150 | Lair:3   | Reached skill level 10 in Staves
 13150 | Lair:3   | Reached skill level 10 in Dodging
 13498 | Lair:3   | Noticed a seven-headed hydra
 13504 | Lair:3   | Killed a seven-headed hydra
 13504 | Lair:3   | Received a gift from Okawaru
 13606 | Lair:3   | Found a staircase to the Snake Pit.
 13778 | Lair:3   | Received a gift from Okawaru
 14346 | Lair:4   | Noticed a seven-headed hydra
 14357 | Lair:3   | Killed a seven-headed hydra
 14636 | Lair:4   | Received a gift from Okawaru
 14637 | Lair:4   | Reached XP level 13. HP: 101/101 MP: 25/25
 15284 | Lair:4   | HP: 2/101 [lindwurm/blast of flame (24)]
 16550 | Lair:5   | Entered Level 5 of the Lair of Beasts
 16602 | Lair:5   | Learned a level 3 spell: Frozen Ramparts
 16608 | Lair:5   | Learned a level 5 spell: Borgnjor's Vile Clutch
 17061 | Lair:5   | Reached skill level 10 in Fighting
 17061 | Lair:5   | Reached skill level 10 in Throwing
 17151 | Lair:5   | Received a gift from Okawaru
 17175 | Lair:5   | Received a gift from Okawaru
 17558 | Lair:5   | Found a runed translucent door.
 17562 | Lair:5   | Found a viscous altar of Jiyva.
 17563 | Lair:5   | Found a staircase to the Slime Pits.
 17615 | Lair:5   | Reached XP level 14. HP: 84/110 MP: 27/27
 17705 | Lair:5   | Reached skill level 10 in Invocations
 17729 | Lair:5   | Identified the +0 pair of boots "Ninyosui" {rC+} (Okawaru
                  | gifted it to you on level 5 of the Lair of Beasts)
 17729 | Lair:5   | Received a gift from Okawaru
 18716 | D:10     | Entered Level 10 of the Dungeon
 18739 | D:10     | You fall into a shaft and drop 2 floors!
 18774 | D:11     | Noticed Snorg
 18787 | D:11     | Killed Snorg
 18973 | D:10     | Identified the +9 quarterstaff "Killer Klown's Doom"
                  | {flame, *Noise rF+ rCorr SInv}
 19056 | D:10     | Found a bloodstained altar of Trog.
 19057 | D:10     | Found a sacrificial altar of Ru.
 19127 | D:10     | Found a flagged portal.
 19150 | Bailey   | Entered a bailey
 19968 | D:10     | Acquired 874 gold pieces
 20583 | D:12     | Noticed Erolcha
 20602 | D:12     | Killed Erolcha
 21006 | D:13     | Found a gate leading to a gauntlet.
 21029 | Gauntlet | Entered a Gauntlet
 21029 | Gauntlet | Found a transporter.
 21038 | Gauntlet | Found a transporter.
 21041 | Gauntlet | Found a transporter.
 21042 | Gauntlet | Found a transporter.
 21050 | Gauntlet | Found a transporter.
 21053 | Gauntlet | Found a transporter.
 21054 | Gauntlet | Found a transporter.
 21063 | Gauntlet | Found a transporter.
 21066 | Gauntlet | Found a transporter.
 21067 | Gauntlet | Found a transporter.
 21075 | Gauntlet | Found a transporter.
 21078 | Gauntlet | Found a transporter.
 21079 | Gauntlet | Found a transporter.
 21092 | Gauntlet | Noticed a quicksilver ooze
 21095 | Gauntlet | Found a transporter.
 21268 | Gauntlet | Identified the ring of the Heron {Drain rF+ Dex+7}
 21389 | Gauntlet | Killed a quicksilver ooze
 21739 | D:13     | Received a gift from Okawaru
 21764 | D:13     | Slain by a six-headed hydra

Illustrated notes

Levels and vault maps discovered:
D:1:      minmay_arrival_statue_studded, layout_basic
D:2:      layout_loops_cross, dreamdust_ecumenical_altar_statues,
          grunt_decor_arrowhead, kennysheep_generic_room_11
D:3:      layout_rooms, tgw_xom, gammafunk_temple_overflow_statue
D:4:      layout_basic, amcnicky_altar_gilded, uniq_blork_the_orc, uniq_grinder
D:5:      layout_basic, minmay_temple_entry_mist, uniq_prince_ribbit1,
          uniq_pikel, uniq_edmund, uniq_eustachio
D:6:      layout_gridville, portal_sewer_entry_d, minmay_misc_feat_columns
D:7:      layout_basic, lemuel_zombie_altar_yredelemnul, uniq_duvessa
D:8:      layout_layer_cave, nicolae_gozag_cash_rules_everything_around_me
D:9:      layout_irregular_city, chequers_temple_overflow_minitemple,
          david_lair_shrubbed, kennysheep_orc_monster_closet_entryway
D:10:     cheibrodos_two_vegetables, layout_cave_pools,
          mainiacjoe_overflow_catch_the_wave, enter_bailey_1
D:11:     layout_rooms, minmay_door_square, hangedman_glass_teeth, uniq_snorg
D:12:     layout_gridville, uniq_erolcha
D:13:     hangedman_what_comes_after_a, layout_loops_corners, david_vaults_3,
          gauntlet_entry_generic, minmay_quadrilaterals
Lair:1:   layout_small_grid, serial_forest, infiniplex_forest_clump_tiny,
          infiniplex_forest_straight_4, infiniplex_forest_fountain,
          infiniplex_forest_split, infiniplex_forest_end_2,
          infiniplex_forest_straight_2, infiniplex_forest_clump_cross,
          infiniplex_forest_end_3, infiniplex_forest_end_1, patterned_corridor,
          uniq_erica
Lair:2:   layout_gridlike, elwin_shoals_entry_rooms, lemuel_fruit_tree,
          serial_bayou_shore_b, serial_bayou_shore_a, grunt_megastairs_5
Lair:3:   layout_chaotic_city, minmay_snake_entry_guardpost_small,
          grunt_megastairs_2
Lair:4:   layout_cave_pods, nicolae_lair_lindhole, lemuel_fruit_fields,
          lemuel_fruit_fields
Lair:5:   wormcave, layout_misc_corridors, slime_entry_2

Skill      XL: |  1  2  3  4  5  6  7  8  9 10 11 12 13 14 |
---------------+-------------------------------------------+-----
Invocations    | 1 2 3 4 5 6 7 8 9 10 | 10.8
Short Blades   | 1 2 3 4 5 6 7 8 9 |  9.9
Long Blades    | 1 2 3 4 5 6 7 8 9 |  9.9
Axes           | 1 2 3 4 5 6 7 8 9 |  9.9
Maces & Flails | 1 2 3 4 5 6 7 8 9 |  9.9
Polearms       | 1 2 3 4 5 6 7 8 9 |  9.9
Ranged Weapons | 1 2 3 4 5 6 7 8 9 |  9.9
Armour         | 1 2 3 4 5 6 7 8 9 |  9.9
Stealth        | 1 2 3 4 5 6 7 8 9 |  9.9
Shields        | 1 2 3 4 5 6 7 8 9 |  9.9
Unarmed Combat | 1 2 3 4 5 6 7 8 9 |  9.9
Spellcasting   | 1 2 3 4 5 6 7 8 9 |  9.9
Evocations     | 1 2 3 4 5 6 7 8 9 |  9.9
Conjurations   | 1 2 3 4 5 6 7 8 |  8.3
Hexes          | 1 2 3 4 5 6 7 8 |  8.3
Summonings     | 1 2 3 4 5 6 7 8 |  8.3
Necromancy     | 1 2 3 4 5 6 7 8 |  8.3
Translocations | 1 2 3 4 5 6 7 8 |  8.3
Transmutations | 1 2 3 4 5 6 7 8 |  8.3
Fire Magic     | 1 2 3 4 5 6 7 8 |  8.3
Ice Magic      | 1 2 3 4 5 6 7 8 |  8.3
Air Magic      | 1 2 3 4 5 6 7 8 |  8.3
Earth Magic    | 1 2 3 4 5 6 7 8 |  8.3
Poison Magic   | 1 2 3 4 5 6 7 8 |  8.3
Fighting       | 5 6 7 8 9 10 | 10.9
Throwing       | 5 6 7 8 9 10 | 10.9
Staves         | 7 8 9 10 11 | 11.8
Dodging        | 7 8 9 10 11 | 11.8

Action                   |  1- 3 |  4- 6 |  7- 9 | 10-12 | 13-15 || total
-------------------------+-------+-------+-------+-------+-------++-------
Melee: Quarterstaff      |    36 |       |       |       |       ||    36
       Bite              |     6 |     3 |    23 |    64 |    79 ||   175
       Whip              |    35 |    86 |    56 |       |       ||   177
       Punch             |       |     1 |     7 |     5 |       ||    13
       Hand axe          |       |       |    30 |       |       ||    30
       Spear             |       |       |    96 |       |       ||    96
       Trident           |       |       |    60 |   508 |   750 ||  1318
Throw: Throwing net      |       |     3 |     1 |     1 |       ||     5
       Javelin           |       |     1 |       |     4 |       ||     5
       Dart              |       |       |       |     9 |       ||     9
 Cast: Frozen Ramparts   |       |       |       |       |     7 ||     7
       Borgnjor's Vile C |       |       |       |       |     2 ||     2
Invok: Heroism           |       |       |       |     6 |     5 ||    11
       Finesse           |       |       |       |     4 |     5 ||     9
Evoke: Wand              |       |       |       |       |     6 ||     6
  Use: Scroll            |       |     5 |     5 |    10 |    11 ||    31
       Potion            |       |       |     1 |     3 |     3 ||     7
 Stab: Sleeping          |     2 |     2 |    12 |     9 |    11 ||    36
       Held in net/web   |       |     1 |       |     1 |       ||     2
       Distracted        |       |       |     1 |     5 |       ||     6
Armor: Leather armour    |    12 |    19 |    38 |    71 |       ||   140
       Ring mail         |       |       |       |    80 |    71 ||   151
       Troll leather arm |       |       |       |       |   153 ||   153
Dodge: Dodged            |    43 |    40 |   121 |   346 |   414 ||   964
Block: Buckler           |       |       |       |    68 |       ||    68
       Kite shield       |       |       |       |    63 |   486 ||   549
       Reflection        |       |       |       |       |     6 ||     6

Table legend: (Time is in decaauts)
 A = Elapsed time spent in this place.
 B = Non-inter-level travel time spent in this place.
 C = Inter-level travel time spent in this place.
 D = Time resting spent in this place.
 E = Time spent auto-exploring this place.
 F = Levels seen in this place.
 G = Mean time per level.
                   A        B        C        D        E       F      G
               +--------+--------+--------+--------+--------+-----+--------+
         Total |  21768 |  20982 |    786 |    231 |  16681 |  21 | 1036.6 |
       Dungeon |  11112 |  10723 |    389 |      0 |   8901 |  13 |  854.8 |
          Lair |   9401 |   9004 |    397 |    231 |   7077 |   5 | 1880.2 |
         Sewer |    451 |    451 |      0 |      0 |    211 |   1 |  451.0 |
        Bailey |    285 |    285 |      0 |      0 |    154 |   1 |  285.0 |
      Gauntlet |    517 |    517 |      0 |      0 |    337 |   1 |  517.0 |
               +--------+--------+--------+--------+--------+-----+--------+

Top non-repeatable levels by time:
  Lair:1: 2312 daAuts
  Lair:4: 2068 daAuts
  Lair:5: 2016 daAuts
  Lair:2: 1668 daAuts
     D:8: 1658 daAuts
     D:9: 1652 daAuts
  Lair:3: 1335 daAuts
     D:5: 968 daAuts
    D:10: 926 daAuts
     D:4: 892 daAuts
     D:1: 868 daAuts
     D:3: 823 daAuts
     D:6: 724 daAuts
     D:2: 693 daAuts
     D:7: 627 daAuts
